 Dungeon Crawl Stone Soup version 0.26.1-11-gd32895ea62 (webtiles) character file.

Game seed: 11283801296710416618

30 infcreate the Skirmisher (level 3, 29/29 HPs)
             Began as a Human Berserker on May 22, 2021.
             Was a Follower of Trog.
             Quit the game on level 1 of the Dungeon.
             The game lasted 00:03:47 (1420 turns).

infcreate the Skirmisher (Human Berserker)          Turns: 1420, Time: 00:03:48

Health: 29/29      AC:  3    Str: 18    XL:     3   Next: 35%
Magic:  3/3        EV: 12    Int:  7    God:    Trog [*.....]
Gold:   70         SH:  0    Dex: 12    Spells: 2/2 levels left

rFire    . . .     SeeInvis .   a - +0 falchion
rCold    . . .     Faith    .   (no shield)
rNeg     . . .     Spirit   .   b - +0 animal skin
rPois    .         Reflect  .   (no helmet)
rElec    .         Harm     .   l - +0 cloak (curse)
rCorr    .         Rampage  .   (no gloves)
Will     .....                  (no boots)
Stlth    +.........             (no amulet)
HPRegen  0.09/turn              (no ring)
MPRegen  0.08/turn              (no ring)

@: no status effects
A: no striking features
a: Renounce Religion, Berserk


You were on level 1 of the Dungeon.
You worshipped Trog.
Trog was aware of your devotion.
You visited 1 branch of the dungeon, and saw 1 of its levels.

You collected 70 gold pieces.


   Skills:
 + Level 3.3 Fighting
 + Level 3.3 Long Blades
 + Level 2.4 Armour
 + Level 2.4 Dodging


You had 2 spell levels left.
You didn't know any spells.
Your spell library was empty.

Inventory:

Hand Weapons
 a - a +0 falchion (weapon)
Armour
 b - a +0 animal skin (worn)
 l - a cursed +0 cloak (worn)
Jewellery
 h - an uncursed ring of protection from cold {unknown}
Scrolls
 d - 3 scrolls of teleportation {unknown}
 e - a scroll of noise {unknown}
 f - 2 scrolls of identify {unknown}
 k - a scroll of magic mapping {unknown}
Potions
 c - a potion of might {unknown}
 g - 2 potions of attraction {unknown}
 i - a potion of degeneration {unknown}
 j - a potion of heal wounds {unknown}

Dungeon Overview and Level Annotations

Branches:
Dungeon (1/15)

Altars:

#(.........#
#.#....##...###'#
##...###.#.#
#.#....###...###.
##.####.#.###.##....##.......
#.###........##.....###....#
#.##.........###.....#######
#........##### ##......####.
####.......## ##..........
##.......#### ###........
##.....@...# ###......
##.....#### ####### ##..#.##
##.#.#.########
##.###.........#
#...#.#.######.#
#.##..#.######.##########
#.#..........#...........
#.#.......##.###########.


There were no monsters in sight!


Message History

You kill the kobold!
Trog accepts your kill.
No target in view!
No target in view!
Things that are here:
a +0 club; a kobold corpse
There is a stone staircase leading down here.
A rat comes into view.
A rat is nearby!
The rat bites you.
You barely miss the rat. The rat barely misses you.
You barely miss the rat.
The rat twitches its whiskers.
The rat bites you.
You barely miss the rat. The rat bites you.
You completely miss the rat. The rat bites you but does no damage.
You barely miss the rat. The rat closely misses you.
You slash the rat!
You kill the rat!
Trog accepts your kill.
No target in view!
No target in view!
You start resting.
HP restored.
There is a stone staircase leading down here.
Things that are here:
a +0 club; a kobold corpse You see here a stone.
You see here a stone.
Are you sure you want to abandon this character and quit the game? (Confirm with "yes".)

Action                   || total
-------------------------++-------
Melee: Falchion          ||    91
 Stab: Sleeping          ||     1
Armor: Animal skin       ||    14
Dodge: Dodged            ||    63
       Rpst.: Falchion   ||    16

Levels and vault maps discovered:
D:1:      dpeg_arrival_snail, layout_loops_ring

Notes
Turn   | Place    | Note
-------+----------+-------------------------------------------
     0 | D:1      | infcreate the Human Berserker began the quest for the Orb.
     0 | D:1      | Reached XP level 1. HP: 18/18 MP: 1/1
   361 | D:1      | Reached XP level 2. HP: 17/24 MP: 2/2
   922 | D:1      | Reached XP level 3. HP: 29/29 MP: 3/3
  1420 | D:1      | Quit the game

Vanquished Creatures
  A dart slug (D:1)
  2 goblins (D:1)
  A hobgoblin (D:1)
  8 jackals (D:1)
  4 bats (D:1)
  2 frilled lizards (D:1)
  5 kobolds (D:1)
  5 rats (D:1)
28 creatures vanquished.

Table legend: (Time is in decaauts)
 A = Elapsed time spent in this place.
 B = Non-inter-level travel time spent in this place.
 C = Inter-level travel time spent in this place.
 D = Time resting spent in this place.
 E = Time spent auto-exploring this place.
 F = Levels seen in this place.
 G = Mean time per level.
                   A        B        C        D        E       F      G
               +--------+--------+--------+--------+--------+-----+--------+
         Total |   1433 |   1371 |     62 |    728 |      0 |   1 | 1433.0 |
       Dungeon |   1433 |   1371 |     62 |    728 |      0 |   1 | 1433.0 |
               +--------+--------+--------+--------+--------+-----+--------+

Top non-repeatable levels by time:
     D:1: 1433 daAuts

Table legend:
 A = Non-vault XP
 B = Vault XP
 C = Vault XP percentage of total XP
 D = Non-vault monster count
 E = Vault monster count
 F = Vault count percentage of total count
                 A         B        C        D         E       F
            +---------+---------+-------+---------+---------+-------
      Total |      43 |       0 |   0.0 |      28 |       0 |   0.0
            +---------+---------+-------+---------+---------+-------
        D:1 |      43 |       0 |   0.0 |      28 |       0 |   0.0
            +---------+---------+-------+---------+---------+-------
